 Dungeon Crawl Stone Soup version 0.19.1 (webtiles) character file.

613584 M4edhros the Peltast (level 27, -33/321 (324) HPs)
             Began as an Octopode Chaos Knight on Dec 26, 2016.
             Was the Champion of Zin.
             Annihilated by an acid blob (38 damage)
             ... created by the Royal Jelly
             ... on level 5 of the Pits of Slime.
             The game lasted 03:30:49 (87938 turns).

M4edhros the Peltast (Octopode Chaos Knight)       Turns: 87938, Time: 03:30:50

HP:   -33/321 (324) AC: -10   Str: 30    XL:     27
MP:   52/52         EV: 36    Int: 34    God:    Zin [******]
Gold: 2489          SH: 29    Dex: 23    Spells: 15 memorised, 5 levels left

rFire  + + +     SeeInvis +     c - +7 quick blade (flame)
rCold  + + +     Gourm    .     Y - +4 shield of Atem {*Contam Int+2 SInv}
rNeg   . . .     Faith    .     L - -1 hat of Theory {rElec rPois Regen+}
rPois  +         Spirit   .     X - brooch of Shielding {Reflect SH+8}
rElec  +         Reflect  +     g - +6 ring of slaying
rCorr  +         Harm     .     k - ring of Aheawiona {Str+3 Int+5}
MR     +++++                    o - ring of Xom's Recklessness {EV+6 Str+3}
Stlth  ..........               A - ring of resist corrosion
                                w - ring of Feadot {MR++ AC+4 Str+4 Dex-4}
                                F - ring "Enicenaxt" {*Corrode MR++ MP+9 Int+4 Dex+3}
                                v - ring of Tavas {rF+ Int+8 SInv}
                                V - ring of Riwnuoll {Wiz *Contam rElec rC+ SInv}

@: berserking (expiring), corroded, very quick
A: almost no armour, stealthy swim, amphibious, 8 rings, constrict 8, tentacle
spike 3, iridescent scales 2, thin metallic scales 1, camouflage 1, see
invisible, cold resistance 3, fire resistance 2, high mp 1, regeneration 1,
robust 2, strong 2, wild magic 2, gelatinous body 1
a: Recite, Vitalisation, Imprison, Sanctuary, Donate Gold, Cure All Mutations,
Renounce Religion
}: 3/15 runes: serpentine, barnacled, silver


You were on level 5 of the Pits of Slime.
You worshipped Zin.
Zin was exalted by your worship.
You were hungry.

You visited 11 branches of the dungeon, and saw 52 of its levels.
You visited the Abyss 1 time.
You also visited: Ossuary, Ice Cave, Volcano, Wizlab and Desolation.

You collected 31415 gold pieces.
You spent 4927 gold pieces at shops.
You donated 1539 gold pieces to Zin.
You paid 22460 gold pieces to Gozag.

Inventory:

Hand Weapons
 c - a +7 quick blade of flaming (weapon)
 Q - the +7 fustibalus of Qel Maur {freeze, rElec rN+ Str+4 Dex+4}
   (Xom gifted it to you on level 6 of the Dungeon)

   It causes projectiles fired from it to freeze those they strike, causing
   extra injury to most foes and up to half again as much damage against
   particularly susceptible opponents.
   They can also slow down cold-blooded creatures.
   It affects your strength (+4).
   It affects your dexterity (+4).
   It insulates you from electricity.
   It protects you from negative energy.
Missiles
 i - 661 stones (quivered)
 I - 111 sling bullets
Armour
 L - the -1 hat of Theory (worn) {rElec rPois Regen+}
   (You found it on level 7 of the Dungeon)

   It insulates you from electricity.
   It protects you from poison.
   It increases your rate of regeneration.
 Y - the +4 shield of Atem (worn) {*Contam Int+2 SInv}
   (You found it on level 2 of the Depths)

   It affects your intelligence (+2).
   It lets you see invisible.
   It causes magical contamination when unequipped.
Rods
 b - a +9 lightning rod (17/17)
   (You found it on level 3 of the Depths)
 N - a +9 rod of inaccuracy (17/17)
   (You found it on level 4 of the Shoals)
Jewellery
 e - an uncursed ring of wizardry
 g - a +6 ring of slaying (left tentacle)
 k - the ring of Aheawiona (right tentacle) {Str+3 Int+5}
   (You took it off a vault sentinel on level 5 of the Vaults)

   [ring of intelligence]

   It affects your strength (+3).
   It affects your intelligence (+5).
 o - the ring of Xom's Recklessness (on tentacle) {EV+6 Str+3}
   (You bought it in a shop on level 2 of the Orcish Mines)

   [ring of evasion]

   It affects your evasion (+6).
   It affects your strength (+3).
 v - the ring of Tavas (on tentacle) {rF+ Int+8 SInv}
   (You found it in the Desolation of Salt)

   [ring of protection from fire]

   It affects your intelligence (+8).
   It protects you from fire.
   It lets you see invisible.
 w - the ring of Feadot (on tentacle) {MR++ AC+4 Str+4 Dex-4}
   (You found it in the Desolation of Salt)

   [ring of protection]

   It affects your AC (+4).
   It affects your strength (+4).
   It affects your dexterity (-4).
   It affects your resistance to hostile enchantments.
 A - a ring of resist corrosion (on tentacle)
 F - the ring "Enicenaxt" (on tentacle) {*Corrode MR++ MP+9 Int+4 Dex+3}
   (You bought it in a shop on level 2 of the Orcish Mines)

   [ring of magical power]

   It affects your intelligence (+4).
   It affects your dexterity (+3).
   It affects your resistance to hostile enchantments.
   It affects your magic capacity (+9).
   It may corrode you when you take damage.
 O - the ring "Tujog" {Ice rN++ MR+ Str-5}
   (You took it off an ogre mage on level 1 of the Depths)

   [ring of ice]

   It enhances your ice magic.
   It affects your strength (-5).
   It makes you vulnerable to fire.
   It protects you from cold.
   It greatly protects you from negative energy.
   It affects your resistance to hostile enchantments.
 V - the ring of Riwnuoll (on tentacle) {Wiz *Contam rElec rC+ SInv}
   (You found it on level 2 of the Snake Pit)

   [ring of wizardry]

   It improves your spell success rate.
   It protects you from cold.
   It insulates you from electricity.
   It lets you see invisible.
   It causes magical contamination when unequipped.
 X - the brooch of Shielding (around mantle) {Reflect SH+8}
   (You bought it in a shop on level 4 of the Vaults)

   [amulet of reflection]

   It shields you and reflects attacks.
   It affects your SH (+8).
Wands
 a - a wand of digging (14/24)
 h - a wand of iceblast (8/15)
 B - a wand of teleportation (8/9)
 Z - a wand of disintegration (17/24)
Scrolls
 m - 5 scrolls of blinking
 n - 3 scrolls of silence
 p - 4 scrolls of fear
 s - 5 scrolls of immolation
 x - 12 scrolls of teleportation
 y - 3 scrolls of vulnerability
 E - 8 scrolls of magic mapping
 J - 6 scrolls of fog
 W - 7 scrolls of identify
Potions
 d - 12 potions of haste
 f - 4 potions of might
 j - 2 potions of berserk rage
 q - 32 potions of curing
 t - 5 potions of magic
 u - 5 potions of resistance
 z - 4 potions of heal wounds
 H - 3 potions of invisibility
 K - 2 potions of cancellation
 T - 9 potions of agility
Miscellaneous
 l - a lamp of fire (inert)
 r - 3 sacks of spiders
 D - a phial of floods
 P - a disc of storms
 U - 5 phantom mirrors
Comestibles
 R - 9 bread rations
 S - 16 beef jerkies


   Skills:
 - Level 13.0 Fighting
 - Level 1.9 Short Blades
   Level 15.4 Maces & Flails
 - Level 16.2 Slings
 - Level 17.3 Dodging
 - Level 15.7 Stealth
 - Level 18.4 Shields
 - Level 3.2 Unarmed Combat
 - Level 12.5 Spellcasting
 - Level 0.4 Conjurations
 - Level 6.5 Hexes
 - Level 10.2 Charms
 - Level 5.4 Summonings
 - Level 10.4 Translocations
 - Level 9.7 Air Magic
 - Level 11.5 Poison Magic
 * Level 17.8 Invocations
 - Level 18.0 Evocations


You had 5 spell levels left.
You knew the following spells:

 Your Spells              Type           Power        Failure   Level  Hunger
a - Repel Missiles        Chrm/Air       ######       1%          2    None
b - Mephitic Cloud        Conj/Pois/Air  #######.     1%          3    None
c - Blink                 Tloc           N/A          1%          2    None
d - Dazzling Spray        Conj/Hex       ######       1%          3    None
e - Apportation           Tloc           #######...   1%          1    None
f - Confusing Touch       Hex            ######       1%          1    None
g - Leda's Liquefaction   Hex/Erth       ######....   7%          4    None
h - Poisonous Cloud       Conj/Pois/Air  #######...   16%         6    ####...
i - Regeneration          Chrm/Necr      ######....   1%          3    None
j - Song of Slaying       Chrm           #######.     1%          2    None
k - Spectral Weapon       Hex/Chrm       #######.     1%          3    None
l - Gell's Gravitas       Hex/Tloc       #######...   1%          3    None
m - Summon Forest         Summ/Tloc      #######...   2%          5    None
o - Deflect Missiles      Chrm/Air       #######...   6%          6    ####...
p - Swiftness             Chrm/Air       #######.     1%          2    None


Dungeon Overview and Level Annotations

Branches:
Dungeon (15/15)            Temple (1/1) D:4            Lair (6/6) D:9
 Shoals (4/4) Lair:3        Snake (4/4) Lair:4        Slime (5/5) Lair:6
    Orc (2/2) D:9             Elf (3/3) Orc:2        Vaults (5/5) D:13
  Crypt (3/3) Vaults:2       Tomb (0/3) Crypt:3      Depths (4/5) D:15

Altars:
Ashenzari
Cheibriados
Dithmenos
Elyvilon
Fedhas
Gozag
Hepliaklqana
Kikubaaqudgha
Makhleb
Nemelex Xobeh
Okawaru
Qazlal
Ru
Sif Muna
Trog
Uskayaw
Vehumet
Xom
Yredelemnul
Zin
The Shining One
Jiyva

Shops:
D:4 [   D:10 [[%*}   D:11 [   D:12 *   Orc:2 [(*=[=?=[[[*=!:   Elf:1 %
Elf:2 %**}   Snake:4 ?   Vaults:2 (   Vaults:4 ==?   Vaults:5 *

Portals:
Hell: Depths:1 Depths:2 Depths:3
Abyss: Depths:2
Pandemonium: Depths:3


Innate Abilities, Weirdness & Mutations

You cannot wear most types of armour.
You are very stealthy in the water. (Stealth+)
You are amphibious.
You can wear up to eight rings at the same time.
You can use your tentacles to constrict eight enemies at once.
Your skin changes colour to match your surroundings (Stealth+).
Your rubbery body absorbs attacks. (AC +1, EV +1)
One of your tentacles bears a large vicious spike.
You are mostly covered in iridescent scales. (AC +4)
You are partially covered in thin metallic scales. (AC +2)
You have supernaturally acute eyesight. (SInv)
Your flesh is almost immune to the effects of cold. (rC+++)
Your flesh is very heat resistant. (rF++)
You have an increased reservoir of magic. (+10% MP)
Your natural rate of healing is unusually fast.
You are very robust. (+20% HP)
Your muscles are very strong. (Str +4)
Your spells are harder to cast, but more powerful.


Message History

* * * LOW HITPOINT WARNING * * *
You are splashed with acid!
The acid burns!
You resist.
* * * LOW HITPOINT WARNING * * *
The death ooze is engulfed in roaring flames.
You block the death ooze's attack. The death ooze closely misses you.
Unknown command.
Unknown command.
You puncture the death ooze! You burn the death ooze.
You destroy the death ooze!
That felt strangely unrewarding.
You block the azure jelly's attack. x3
The azure jelly barely misses you.
The death ooze is engulfed in roaring flames.
You destroy the death ooze!
That felt strangely unrewarding.
The acid blob hits you!!
* * * LOW HITPOINT WARNING * * *
You are splashed with acid!
The acid burns!
You resist. Zin protects you from harm! The acid blob hits you!!!
You die...
Xom is highly amused!

.................................
.................................
.......................§.........
...........J...........§.........
......................§§.........
#....................§§§.........
#..............JJJJ§§§..........#
##.............JJJJ§...........##
##...........JJ@JJ......##...##
######.......JJJJ.....####..#
####.....J......## ####
##....#.....## #####....###
######


You could see 6 acid blobs, 5 azure jellies and 7 death oozes.

Vanquished Creatures
  the Royal Jelly (Slime:5)
  Dissolution (Slime:3)
  5 ancient liches
  Mennas (Crypt:1)
  Sojobo (Vaults:3)
  Bai Suzhen (Vaults:2)
  A golden dragon (Vaults:5)
  Jory (Crypt:3)
  A profane servitor (Crypt:3)
  A bone dragon (Crypt:3)
  3 liches
  8 tentacled monstrosities
  Asterion (Vaults:2)
  A quicksilver dragon (Vaults:5)
  3 titans
  3 deep elf blademasters
  A kraken (Abyss:3)
  Polyphemus (Shoals:3)
  7 acid blobs
  A thorn hunter (Depths:2)
  4 sphinxes
  9 tengu reavers
  5 ancient champions
  5 shadow dragons
  3 storm dragons
  3 revenants
  Ilsuiw (Shoals:4)
  10 nagarajas
  2 iron dragons (Vaults:5)
  Louise (Depths:2)
  13 frost giants
  3 imperial myrmidons (Desolation)
  5 fire giants
  5 azure jellies
  11 deep elf sorcerers
  A cacodemon (Depths:3)
  15 vault wardens
  5 ghouls
  7 deep elf elementalists
  16 stone giants
  13 ironheart preservers
  5 war gargoyles
  A spriggan defender (Depths:3)
  20 very ugly things
  A stone giant (shapeshifter) (Depths:1)
  2 juggernaut skeletons
  An entropy weaver (Vaults:4)
  3 deep elf demonologists
  12 vampire knights
  Azrael (D:15)
  7 deep elf annihilators
  A halazid warlock (Desolation)
  11 deep elf death magi
  A crystal guardian (Desolation)
  A spark wasp (Depths:3)
  7 merfolk impalers
  26 jiangshi
  6 merfolk javelineers
  5 death oozes (Slime:5)
  An eidolon (Crypt:1)
  9 ettins
  10 fire dragons
  2 ragged hierophants (Desolation)
  11 great orbs of eyes
  6 deep elf high priests (Elf:3)
  12 yaktaur captains
  10 rakshasas
  12 naga warriors
  27 vault guards
  A monstrous demonspawn (Depths:3)
  8 hydras
  9 peacekeepers (Desolation)
  3 servants of whispers (Desolation)
  4 merfolk avatars
  23 anacondas
  7 ice dragons
  A catoblepas (Shoals:3)
  A spriggan air mage (Depths:3)
  16 ogre magi
  3 death knights
  2 alligators (Depths:2)
  9 centaur warriors
  9 merfolk aquamancers
  A spectral frost giant (Crypt:3)
  5 vampire magi
  9 deep troll earth magi
  A spectral dire elephant (Crypt:3)
  10 deep troll shamans
  A hell hog (shapeshifter) (Depths:1)
  14 naga sharpshooters
  5 orc high priests
  2 death yaks (Shoals:3)
  7 tengu warriors
  23 hell knights
  12 shock serpents
  29 deep elf knights
  6 shadow wraiths
  5 iron trolls
  A titan skeleton (Vaults:5)
  2 soul eaters
  36 skeletal warriors
  A storm dragon skeleton (Vaults:4)
  A wretched star (Abyss:3)
  9 sea snakes
  7 salamander mystics
  4 flayed ghosts
  6 unseen horrors
  A sphinx zombie (Vaults:5)
  5 swamp dragons (Depths:2)
  24 deep trolls
  8 naga ritualists
  A golden dragon skeleton (Crypt:1)
  25 deep elf archers
  2 anaconda zombies (Crypt:2)
  The ghost of cheeroque the Grappler, a novice TrCK of Xom (D:6)
  7 hill giants
  3 wizards
  3 glowing orange brains
  4 lindwurms (Snake:4)
  14 necromancers
  An obsidian statue (Vaults:2)
  18 ironbrand convokers
  5 phantasmal warriors
  12 orc knights
  30 harpies
  12 mana vipers
  4 orc sorcerers
  An oklob plant (Lair:5)
  An orb spider (shapeshifter) (Vaults:1)
  12 manticores
  A spectral wolf spider (Crypt:3)
  89 deep elf magi
  13 salamanders
  3 wolf spiders
  8 cyclopes
  9 fauns
  A stone giant skeleton (Vaults:4)
  40 ugly things
  A shadow dragon skeleton (Vaults:5)
  A frost giant skeleton (Depths:2)
  A large abomination (Crypt:3)
  2 water nymphs (shapeshifter)
  A guardian serpent (shapeshifter) (Vaults:5)
  17 guardian serpents
  An iron dragon skeleton (Crypt:2)
  An elf zombie (Vaults:5)
  4 ice statues (IceCv)
  21 vault sentinels
  49 black mambas
  10 sirens
  An eye of devastation (shapeshifter) (Vaults:5)
  2 human skeletons (Vaults:4)
  8 water nymphs
  An elephant (Lair:6)
  31 naga magi
  Psyche (D:9)
  4 torpor snails (Depths:1)
  19 spiny frogs
  3 kobold demonologists
  A spiny frog (shapeshifter) (Vaults:3)
  4 rime drakes
  A shock serpent skeleton (Crypt:2)
  An efreet (D:13)
  A komodo dragon (shapeshifter) (D:14)
  A rime drake (shapeshifter) (Vaults:1)
  61 yaktaurs
  6 komodo dragons
  14 freezing wraiths
  A yellow draconian skeleton (Crypt:1)
  A hellwing (Depths:3)
  A queen bee (D:11)
  An ancient zyme (Abyss:3)
  2 polar bears
  2 red devils (Depths:3)
  A jumping spider (Vaults:4)
  5 trolls
  7 ice devils
  3 tengu conjurers
  A hornet (shapeshifter) (Vaults:5)
  A meliai (shapeshifter) (Elf:1)
  A polar bear (shapeshifter) (Vaults:5)
  Prince Ribbit (Lair:1)
  9 hornets
  4 raiju (Abyss:3)
  26 merfolk
  5 wind drakes
  18 blink frogs
  A wolf spider simulacrum (Crypt:3)
  48 saltlings (Desolation)
  A tarantella zombie (Crypt:1)
  28 two-headed ogres
  A stone giant simulacrum (Crypt:1)
  2 wind drakes (shapeshifter)
  A bog body (Crypt:1)
  13 hippogriffs
  A snapping turtle (shapeshifter) (Vaults:1)
  6 dream sheep (Lair:6)
  A fire giant simulacrum (Depths:2)
  7 snapping turtles
  2 meliai zombies
  68 slime creatures
  A fire dragon zombie (Crypt:2)
  A redback (shapeshifter) (Depths:2)
  63 flying skulls
  2 redbacks (Lair:6)
  A spriggan zombie (Depths:2)
  3 vampires
  4 hill giant zombies (WizLab)
  24 water elementals
  A yak (shapeshifter) (Vaults:1)
  3 shadows
  5 air elementals
  15 yaks
  Grum (D:9)
  7 wyverns
  A neqoxec (Abyss:3)
  11 wraiths
  5 fire bats
  8 fire elementals
  6 golden eyes (Slime:4)
  18 humans (D:13)
  A black mamba skeleton (Crypt:2)
  A basilisk (Lair:4)
  4 hungry ghosts
  A vampire mosquito (Depths:2)
  2 steam dragons
  An infernal demonspawn zombie (Crypt:1)
  4 swamp worms (Depths:2)
  An elf skeleton (Vaults:4)
  2 insubstantial wisps (Abyss:3)
  A mottled dragon (Vaults:1)
  42 nagas
  Edmund (D:6)
  An orb spider zombie (Crypt:1)
  5 wargs
  20 water moccasins
  A soldier ant (D:15)
  A hell hound (shapeshifter) (Vaults:5)
  11 porcupines
  7 hell hounds
  A swamp drake (Depths:2)
  A hornet zombie (D:15)
  4 sky beasts
  An eye of draining (D:12)
  4 ice beasts
  2 black bears
  55 orc warriors
  9 necrophages
  57 ogres
  3 phantoms
  An ettin simulacrum (Vaults:4)
  25 wolves
  A fire dragon simulacrum (Crypt:2)
  11 boggarts
  23 centaurs
  A wolf (shapeshifter) (Vaults:3)
  11 crocodiles
  A dream sheep skeleton (Crypt:2)
  A crocodile (shapeshifter) (Vaults:5)
  3 big kobolds
  23 bullfrogs
  2 human zombies (Vaults:4)
  A komodo dragon zombie (Crypt:2)
  5 earth elementals
  2 human simulacra
  3 small abominations (Crypt:3)
  A wyvern skeleton (D:12)
  A hornet simulacrum (D:12)
  A water moccasin skeleton (Crypt:1)
  6 troll zombies (WizLab)
  30 killer bees
  5 howler monkeys
  11 wights
  6 crimson imps
  2 bullfrog zombies
  5 centaur zombies
  4 draconian simulacra (IceCv)
  2 quasits
  9 centaur skeletons
  A soldier ant zombie (Crypt:2)
  7 jellies
  A hound (shapeshifter) (Vaults:4)
  5 hounds
  29 orc priests
  A two-headed ogre zombie (Crypt:1)
  2 bullfrog skeletons
  38 orc wizards
  6 iguanas
  16 worker ants
  3 troll simulacra (IceCv)
  A killer bee zombie (Crypt:1)
  A big kobold zombie (Ossuary)
  6 ogre zombies (WizLab)
  9 mummies
  A howler monkey skeleton (D:2)
  28 adders
  3 gnolls
  3 naga simulacra (IceCv)
  A river rat (Lair:6)
  5 shadow imps
  14 white imps
  A worker ant simulacrum (D:11)
  3 ufetubi (Depths:3)
  3 adder skeletons
  3 worms
  4 dart slugs
  6 leopard geckos
  121 orcs
  2 ball pythons (D:3)
  16 bats
  8 giant cockroaches
  A gnoll zombie (Ossuary)
  11 goblins
  10 hobgoblins
  10 jackals
  7 quokkas
  4 frilled lizards
  A goblin skeleton (Crypt:1)
  4 hobgoblin zombies (Ossuary)
  14 kobolds
  2 leopard gecko zombies (D:5)
  2 orc zombies (Ossuary)
  A quokka skeleton (D:9)
  11 rats
  A bush (Lair:5)
  2 fungi
  4 tentacles (Abyss:3)
2635 creatures vanquished.

Vanquished Creatures (collateral kills)
  A golden dragon (Vaults:5)
  3 acid blobs
  A storm dragon (Vaults:5)
  A vault warden (Vaults:5)
  A deep elf demonologist (Vaults:5)
  A deep elf death mage (Vaults:5)
  A ragged hierophant (Desolation)
  A servant of whispers (Desolation)
  3 skeletal warriors (Crypt:1)
  2 shining eyes (Slime:5)
  An elephant (D:9)
  An eye of devastation (Slime:2)
  2 yaktaurs (Vaults:5)
  A hornet (shapeshifter) (Vaults:5)
  A saltling (Desolation)
  4 slime creatures
  3 shadows (Crypt:3)
  2 eyes of draining
  An orc wizard (Vaults:5)
  A gnoll (D:2)
  A leopard gecko (D:2)
  2 orcs (Vaults:5)
  2 jackals (D:2)
  A kobold (D:2)
38 creatures vanquished.

Vanquished Creatures (others)
  Donald (Slime:2)
  A vault warden (Vaults:3)
  9 stone giants
  6 yaktaur captains
  2 centaur warriors
  30 dancing weapons
  2 naga sharpshooters
  3 deep elf archers
  An orc knight (Vaults:4)
  A deep elf mage (Elf:2)
  A faun (Shoals:1)
  A salamander (Snake:4)
  A vault sentinel (Vaults:3)
  23 yaktaurs
  3 merfolk (Shoals:4)
  2 saltlings (Desolation)
  A dream sheep (shapeshifter) (Vaults:5)
  A warg (Vaults:5)
  2 centaurs
  An orc (D:11)
  A hobgoblin (D:3)
  2 fungi (Lair:6)
  5 pillars of salt
  14 plants
  A snaplasher vine (Slime:5)
  6 tentacles (Abyss:3)
121 creatures vanquished.

Grand Total: 2794 creatures vanquished

Notes
Turn   | Place    | Note
-------+----------+-------------------------------------------
     0 | D:1      | M4edhros the Octopode Chaos Knight began the quest for the Orb.
     0 | D:1      | Reached XP level 1. HP: 16/16 MP: 1/1
    18 | D:1      | XOM: harmless Divn miscast
   350 | D:1      | XOM: 1-stop teleportation journey
   568 | D:1      | Reached skill level 1 in Stealth
   798 | D:1      | XOM: divination: magic mapping
  1067 | D:1      | XOM: 4-stop teleportation journey
  1244 | D:1      | Reached XP level 2. HP: 9/21 MP: 2/2
  1417 | D:1      | XOM is BORED!
  1417 | D:1      | XOM: give mutations
  1417 | D:1      | Gained mutation: You are frail. (-10% HP) [Xom's mischief]
  1417 | D:1      | Gained mutation: You passively map a small area around you. [Xom's mischief]
  1456 | D:1      | XOM: 9-stop teleportation journey
  1664 | D:1      | XOM: mild Ice miscast
  1939 | D:1      | XOM: noise
  2043 | D:1      | XOM: mild Hex miscast
  2238 | D:1      | XOM: mild Conj miscast
  2565 | D:1      | XOM: chaos upgrade
  2800 | D:1      | XOM: harmless Conj miscast
  2888 | D:1      | XOM: medium Air miscast
  2979 | D:1      | XOM: give mutations
  2979 | D:1      | Gained mutation: You are very frail. (-20% HP) [Xom's mischief]
  2979 | D:1      | Gained mutation: Scrolls take you a little longer to read. [Xom's mischief]
  2979 | D:1      | Gained mutation: Your magical capacity is low. (-10% MP) [Xom's mischief]
  2979 | D:1      | Gained mutation: Your spells are a little harder to cast, but a little more powerful. [Xom's mischief]
  3576 | D:1      | Reached XP level 3. HP: 17/20 MP: 2/2
  3865 | D:1      | XOM: scenery: create altars
  4853 | D:2      | XOM: butterfly on damage
  5330 | D:2      | XOM is BORED!
  5330 | D:2      | XOM: medium Divn miscast
  5425 | D:2      | XOM: stat loss: -1 Dex (11/12)
  5437 | D:2      | XOM: god gift: 57 gold pieces
  5527 | D:2      | XOM: 1-stop teleportation journey
  5588 | D:2      | XOM: 1-stop teleportation journey
  5592 | D:2      | Reached XP level 4. HP: 24/24 MP: 3/3
  5601 | D:2      | Reached skill level 5 in Stealth
  5605 | D:2      | XOM: 3-stop teleportation journey
  5764 | D:2      | XOM: summons friendly quasit
  6712 | D:2      | XOM: 2-stop teleportation journey
  6722 | D:2      | Reached XP level 5. HP: 23/28 MP: 4/4
  6976 | D:2      | Reached skill level 1 in Slings
  7180 | D:2      | XOM: god gift: potion of brilliance
  8140 | D:3      | XOM: divination: detect items
  8303 | D:3      | XOM: harmless Necr miscast
  8947 | D:3      | Found a faded altar of an unknown god.
  8997 | D:3      | Lost mutation: You are very frail. (-20% HP) [potion of cure mutation]
  8997 | D:3      | Lost mutation: You are frail. (-10% HP) [potion of cure mutation]
  8997 | D:3      | Lost mutation: You passively map a small area around you. [potion of cure mutation]
  8997 | D:3      | Lost mutation: Your spells are a little harder to cast, but a little more powerful. [potion of cure mutation]
  9010 | D:3      | Reached XP level 6. HP: 30/42 MP: 5/5
  9076 | D:3      | XOM: destruction
  9250 | D:3      | XOM: medium Conj miscast
  9320 | D:3      | XOM: god gift: 16 royal jellies
  9523 | D:3      | XOM: give mutations
  9523 | D:3      | Gained mutation: You are partially covered in iridescent scales. (AC +2) [Xom's grace]
  9523 | D:3      | Gained mutation: You are agile. (Dex +2) [Xom's grace]
  9523 | D:3      | Gained mutation: Your spells are a little harder to cast, but a little more powerful. [Xom's grace]
  9523 | D:3      | Gained mutation: You are somewhat resistant to further mutation. [Xom's grace]
  9598 | D:3      | XOM: 2-stop teleportation journey
  9633 | D:3      | XOM: 3-stop teleportation journey
  9766 | D:3      | XOM: divination: detect creatures
  9936 | D:3      | XOM: give mutations
  9936 | D:3      | Lost mutation: You are agile. (Dex +2) [Xom's mischief]
  9936 | D:3      | Gained mutation: You are dopey. (Int -2) [Xom's mischief]
 10088 | D:3      | XOM: cloud trail
 10775 | D:3      | XOM: divination: detect items
 11258 | D:3      | XOM: give mutations
 11258 | D:3      | Gained mutation: You are partially covered in thin metallic scales. (AC +2) [Xom's grace]
 11258 | D:3      | Gained mutation: You are mostly covered in iridescent scales. (AC +4) [Xom's grace]
 11258 | D:3      | Gained mutation: One of your tentacles bears a spike. [Xom's grace]
 11258 | D:3      | Gained mutation: You are robust. (+10% HP) [Xom's grace]
 11517 | D:4      | Reached skill level 5 in Slings
 11522 | D:4      | Reached XP level 7. HP: 50/50 MP: 6/6
 11548 | D:4      | Found Kisimpuh's Antique Armour Emporium.
 11584 | D:4      | Found a staircase to the Ecumenical Temple.
 11661 | D:4      | Found a sand-covered staircase.
 11664 | D:4      | XOM: confuse monster(s)
 11669 | Ossuary  | Entered an ossuary
 11712 | Ossuary  | XOM: enchant monster (good)
 11744 | Ossuary  | XOM: butterfly on damage
 12067 | D:5      | Entered Level 5 of the Dungeon
 12098 | D:5      | Got a smoking ivory amulet
 12181 | D:4      | Reached XP level 8. HP: 54/57 MP: 7/7
 12192 | Temple   | Entered the Ecumenical Temple
 12783 | Temple   | XOM: 1-stop teleportation journey
 13281 | Temple   | XOM: god gift: 4 curare-tipped needles
 13736 | Temple   | XOM: 2-stop teleportation journey
 13836 | Temple   | XOM: give mutations
 13836 | Temple   | Gained mutation: You are very robust. (+20% HP) [Xom's grace]
 13836 | Temple   | Gained mutation: Your muscles are strong. (Str +2) [Xom's grace]
 13836 | Temple   | Lost mutation: You are dopey. (Int -2) [Xom's grace]
 13918 | Temple   | XOM: give mutations
 13918 | Temple   | Gained mutation: Your flesh is heat resistant. (rF+) [Xom's grace]
 13918 | Temple   | Gained mutation: You are somewhat resistant to both further mutation and mutation removal. [Xom's grace]
 13918 | Temple   | Gained mutation: Your flesh is very heat resistant. (rF++) [Xom's grace]
 13918 | Temple   | Gained mutation: Your muscles are very strong. (Str +4) [Xom's grace]
 14171 | Temple   | XOM: 1-stop teleportation journey
 14845 | Temple   | XOM: divination: magic mapping
 15779 | Temple   | XOM: harmless Tmut miscast
 15870 | Temple   | XOM: cloud trail
 16443 | Temple   | XOM: medium Summ miscast
 16470 | D:4      | XOM: harmless Fire miscast
 16638 | Temple   | XOM: divination: magic mapping
 17235 | Temple   | XOM is BORED!
 17235 | Temple   | XOM: mild Conj miscast
 17415 | Temple   | XOM: divination: detect items
 17520 | Temple   | XOM: silly message
 18076 | Temple   | XOM: silly message
 18082 | Temple   | XOM: 6-stop teleportation journey
 18512 | Temple   | XOM is BORED!
 18512 | Temple   | XOM: 4-stop teleportation journey
 19574 | D:4      | Identified the amulet "Laown" {RegenMP *Corrode rF+ Int+2} (You found it on level 5 of the Dungeon)
 19794 | D:4      | XOM: give mutations
 19794 | D:4      | Lost mutation: Your magical capacity is low. (-10% MP) [Xom's mischief]
 19794 | D:4      | Lost mutation: You are somewhat resistant to both further mutation and mutation removal. [Xom's mischief]
 20812 | Temple   | XOM: medium Erth miscast
 20820 | Temple   | XOM: harmless Ice miscast
 20900 | Temple   | XOM: 4-stop teleportation journey
 21419 | Temple   | XOM: mild Erth miscast
 21553 | Temple   | XOM is BORED!
 22245 | Temple   | XOM: medium Conj miscast
 22313 | Temple   | XOM: god gift: scimitar {god gift}
 22721 | Temple   | XOM: mild Hex miscast
 23390 | Temple   | XOM: god gift: 990 gold pieces
 23731 | Temple   | XOM: give mutations
 23731 | Temple   | Gained mutation: Your skin blends seamlessly with your surroundings (Stealth++). [Xom's grace]
 23731 | Temple   | Gained mutation: You are somewhat resistant to both further mutation and mutation removal. [Xom's grace]
 23820 | Temple   | XOM: god gift: runed war axe {god gift}
 23824 | Temple   | XOM: medium Ice miscast
 24354 | Temple   | XOM: cloud trail
 24425 | Temple   | XOM: harmless Tmut miscast
 24567 | Temple   | XOM: 1-stop teleportation journey
 24778 | Temple   | XOM is BORED!
 24778 | Temple   | XOM: noise
 25491 | Temple   | XOM: noise
 26067 | Temple   | XOM: harmless Summ miscast
 26519 | Temple   | XOM is BORED!
 27065 | Temple   | XOM: mild Air miscast
 27680 | Temple   | XOM: god gift: phial of floods
 27734 | Temple   | XOM: cast spell 'Statue Form'
 28016 | Temple   | XOM: silly message
 28248 | Temple   | XOM: give mutations
 28248 | Temple   | Gained mutation: Your system is resistant to poisons. (rPois) [Xom's grace]
 28248 | Temple   | Gained mutation: One of your tentacles bears a nasty spike. [Xom's grace]
 28248 | Temple   | Gained mutation: One of your tentacles bears a large vicious spike. [Xom's grace]
 28355 | Temple   | XOM: cloud trail
 28657 | Temple   | XOM: 2-stop teleportation journey
 28664 | Temple   | Fell from the grace of Xom
 28664 | Temple   | Became a worshipper of Gozag Ym Sagoz the Greedy
 29568 | D:6      | Noticed Edmund
 29595 | D:6      | Killed Edmund
 29962 | D:6      | Noticed cheeroque's ghost (novice TrCK)
 29974 | D:6      | Reached XP level 9. HP: 69/69 MP: 9/9
 30028 | D:6      | Killed cheeroque's ghost
 30028 | D:6      | Reached skill level 5 in Dodging
 30402 | D:7      | Found +6 slaying ring early, got biiiiig gift from xom: mutations rf++, largest spike, 6ac
 30402 | D:7      | and also 16 royal jellies for getting those. got 900 gold and changed to gozag : )
 30411 | D:7      | XOM: 1-stop teleportation journey
 30428 | D:7      | Reached skill level 5 in Fighting
 30576 | D:7      | XOM: medium Summ miscast
 30651 | D:7      | Reached skill level 10 in Slings
 30758 | D:7      | XOM: mild Hex miscast
 31075 | D:6      | XOM: god gift: faintly glowing fustibalus {god gift}
 31076 | D:6      | Got a faintly glowing fustibalus {god gift}
 31077 | D:6      | what the heck???? got greatsling artifact from xom, and found artifact hat also
 31079 | D:6      | Identified the +7 fustibalus of Qel Maur {freeze, rElec rN+ Str+4 Dex+4} (Xom gifted it to you on level 6 of the Dungeon)
 31079 | D:6      | +7 greatsling of freeze, relec rn str4 dex4 . nice
 31183 | D:7      | Got a slimy hat
 31186 | D:7      | Identified the cursed -1 hat of Theory {rElec rPois Regen+} (You found it on level 7 of the Dungeon)
 31196 | D:7      | regen hat. relec rpois -1 great one
 31354 | D:7      | Reached XP level 10. HP: 46/79 MP: 10/10
 31563 | D:8      | XOM: give mutations
 31563 | D:8      | Gained mutation: Your spells are harder to cast, but more powerful. [Xom's grace]
 31563 | D:8      | Gained mutation: You have an increased reservoir of magic. (+10% MP) [Xom's grace]
 31563 | D:8      | Gained mutation: Your flesh is cold resistant. (rC+) [Xom's grace]
 31563 | D:8      | Gained mutation: Your flesh is very cold resistant. (rC++) [Xom's grace]
 31598 | D:8      | and just got ++rc ha. ha XD
 31731 | D:8      | XOM: medium Conj miscast
 31830 | D:8      | Found a bloodstained altar of Trog.
 31958 | D:8      | XOM: give mutation
 31958 | D:8      | Gained mutation: You can translocate small distances at will. [Xom's grace]
 32023 | D:8      | XOM: give mutation
 32023 | D:8      | Lost mutation: Your system is resistant to poisons. (rPois) [Xom's mischief]
 32404 | D:9      | Noticed Grum
 32412 | D:9      | Killed Grum
 32514 | D:9      | Found a staircase to the Orcish Mines.
 32651 | D:9      | Found a staircase to the Lair.
 32651 | D:9      | Noticed an elephant
 32671 | D:9      | Killed an elephant
 32935 | D:9      | Found a glowing silver altar of Zin.
 33147 | D:9      | Noticed Psyche
 33156 | D:9      | Killed Psyche
 33266 | D:10     | Entered Level 10 of the Dungeon
 33266 | D:10     | Found Eziudekhey's Armour Emporium.
 33276 | D:10     | Bought a +0 buckler for 72 gold pieces
 33338 | D:10     | Found Dyschey's Food Shoppe.
 33360 | D:10     | Reached XP level 11. HP: 88/88 MP: 12/12
 33364 | D:10     | Reached skill level 1 in Shields
 33368 | D:10     | Found Gishad's Assorted Antiques.
 33388 | D:10     | Bought a brass ring for 155 gold pieces
 33388 | D:10     | Bought a wooden ring for 155 gold pieces
 33390 | D:10     | XOM: divination: magic mapping
 33395 | D:10     | Noticed a cyclops
 33402 | D:10     | Killed a cyclops
 33446 | D:10     | Found Hacyh's Gadget Emporium.
 33490 | D:10     | Found Vemetial's Armour Shoppe.
 33703 | D:10     | Learned a level 2 spell: Repel Missiles
 33707 | D:10     | Learned a level 3 spell: Mephitic Cloud
 33710 | D:10     | Learned a level 2 spell: Blink
 33987 | D:11     | Killed an unseen horror
 34021 | D:11     | Reached skill level 1 in Charms
 34049 | D:11     | XOM: medium Hex miscast
 34089 | D:11     | Found Fesezerr's Antique Armour Shoppe.
 34209 | D:11     | XOM: medium Air miscast
 34283 | D:11     | Noticed a sixfirhy
 34508 | D:11     | XOM: give mutations
 34508 | D:11     | Lost mutation: You are very robust. (+20% HP) [Xom's mischief]
 34508 | D:11     | Lost mutation: One of your tentacles bears a large vicious spike. [Xom's mischief]
 34508 | D:11     | Lost mutation: Your muscles are very strong. (Str +4) [Xom's mischief]
 34606 | D:11     | Reached skill level 10 in Dodging
 34712 | D:11     | Noticed a hill giant
 34717 | D:11     | Killed a hill giant
 34764 | D:11     | Noticed an unseen horror
 34772 | D:11     | Killed an unseen horror
 34772 | D:11     | Reached skill level 5 in Shields
 34772 | D:11     | Reached XP level 12. HP: 82/89 MP: 13/13
 35068 | D:12     | Reached skill level 1 in Air Magic
 35362 | D:12     | XOM: torment (50/89 hp)
 35375 | D:12     | XOM: mild Chrm miscast
 35592 | D:12     | Found Ufug's Assorted Antiques.
 35595 | D:12     | XOM: mild Fire miscast
 35976 | D:13     | Noticed a centaur warrior
 36023 | Lair:1   | Entered Level 1 of the Lair of Beasts
 36042 | Lair:1   | XOM: give mutations
 36042 | Lair:1   | Gained mutation: You are very robust. (+20% HP) [Xom's grace]
 36042 | Lair:1   | Lost mutation: You are somewhat resistant to both further mutation and mutation removal. [Xom's grace]
 36042 | Lair:1   | Lost mutation: You are somewhat resistant to further mutation. [Xom's grace]
 36042 | Lair:1   | Gained mutation: You evolve. [Xom's grace]
 36042 | Lair:1   | Gained mutation: Your natural rate of healing is unusually fast. [Xom's grace]
 36042 | Lair:1   | Lost mutation: Scrolls take you a little longer to read. [Xom's grace]
 36042 | Lair:1   | Gained mutation: You have supernaturally acute eyesight. (SInv) [Xom's grace]
 36044 | Lair:1   | sharpened vision, evolve, robust2
 36044 | Lair:1   | and regen
 36093 | Lair:1   | Found a frozen archway.
 36131 | Lair:1   | XOM: medium Pois miscast
 36148 | IceCv    | Entered an ice cave
 36544 | IceCv    | Gained mutation: Your muscles are very strong. (Str +4) [evolution]
 36856 | Lair:1   | Noticed Prince Ribbit
 36860 | Lair:1   | Killed Prince Ribbit
 36869 | Lair:1   | Reached XP level 13. HP: 85/103 MP: 14/14
 37132 | Lair:1   | Learned a level 3 spell: Dazzling Spray
 37240 | Lair:1   | Cast into level 3 of the Abyss (Xom)
 37287 | Abyss:3  | Noticed a kraken
 37327 | Abyss:3  | Killed a kraken
 37386 | Abyss:3  | Noticed a starcursed mass
 37391 | Lair:1   | Escaped the Abyss
 37414 | Lair:1   | XOM: summons 1 hostile demon
 37609 | Lair:2   | Identified a scroll of acquirement
 37762 | Lair:2   | Got a dazzling buckler
 37773 | Lair:2   | Identified the +0 buckler of the Devil {MR+ Str+3 Int-4} (You acquired it on level 2 of the Lair of Beasts)
 37822 | Lair:2   | XOM: cast spell 'Dragon Form'
 37906 | Lair:2   | Gained mutation: One of your tentacles bears a large vicious spike. [evolution]
 37940 | Lair:2   | XOM: stat loss: -2 Str (20/22)
 38607 | Lair:3   | Reached skill level 10 in Shields
 38872 | Lair:3   | XOM: give mutations
 38872 | Lair:3   | Lost mutation: Your skin blends seamlessly with your surroundings (Stealth++). [Xom's mischief]
 38872 | Lair:3   | Lost mutation: You can translocate small distances at will. [Xom's mischief]
 38872 | Lair:3   | Lost mutation: One of your tentacles bears a large vicious spike. [Xom's mischief]
 38872 | Lair:3   | Lost mutation: You evolve. [Xom's mischief]
 38872 | Lair:3   | Was forgiven by Xom
 38942 | Lair:3   | Found a staircase to the Shoals.
 39332 | Lair:4   | Found a staircase to the Snake Pit.
 40002 | Lair:5   | Reached XP level 14. HP: 110/110 MP: 15/15
 40269 | Lair:5   | Learned a level 1 spell: Apportation
 40271 | Lair:5   | Learned a level 1 spell: Confusing Touch
 40643 | Lair:6   | Entered Level 6 of the Lair of Beasts
 40925 | Lair:6   | Found a dark tunnel.
 40950 | Volcano  | Entered a volcano
 41351 | Lair:6   | Reached skill level 15 in Slings
 41589 | Lair:6   | Found a viscous altar of Jiyva.
 41589 | Lair:6   | Found a staircase to the Slime Pits.
 41693 | Lair:6   | Reached skill level 1 in Spellcasting
 41722 | Lair:6   | Reached skill level 1 in Translocations
 41805 | Lair:6   | Reached skill level 5 in Charms
 42293 | Orc:1    | Entered Level 1 of the Orcish Mines
 43047 | Orc:2    | Entered Level 2 of the Orcish Mines
 43165 | Orc:2    | Found a staircase to the Elven Halls.
 43447 | Orc:2    | Reached XP level 15. HP: 116/116 MP: 21/21
 43511 | Orc:2    | Found Faisuuc's Antique Weapon Emporium.
 43511 | Orc:2    | Found Towunilo's Jewellery Shop.
 43517 | Orc:2    | Found Kuocih's Antique Armour Shop.
 43517 | Orc:2    | Found Eqymuc's Jewellery Emporium.
 43584 | Orc:2    | Bought the ring "Enicenaxt" {*Corrode MR++ MP+9 Int+4 Dex+3} for 756 gold pieces
 43647 | Orc:2    | Reached skill level 5 in Air Magic
 44352 | D:13     | Found a gate to the Vaults.
 44688 | D:13     | Found a hide-covered altar of Uskayaw.
 45118 | D:14     | Found a hide-covered altar of Uskayaw.
 45330 | D:14     | Reached skill level 5 in Translocations
 46017 | D:15     | Entered Level 15 of the Dungeon
 46029 | D:15     | Reached skill level 5 in Spellcasting
 46242 | D:15     | Noticed Azrael
 46283 | D:15     | Killed Azrael
 46283 | D:15     | Reached XP level 16. HP: 91/123 MP: 26/26
 46417 | D:15     | Found a staircase to the Depths.
 47271 | Depths:1 | Entered Level 1 of the Depths
 47743 | Depths:1 | Noticed a sphinx
 47872 | Depths:1 | Found a gateway to Hell.
 48732 | Depths:1 | Reached XP level 17. HP: 113/133 MP: 30/30
 48835 | Depths:1 | HP: 5/133 [battlesphere[a tengu reaver] (17)]
 49136 | Depths:1 | Noticed a sphinx
 49143 | Depths:1 | Killed a sphinx
 49205 | Depths:1 | Got a sparkling glass ring
 49433 | Depths:1 | Reached skill level 15 in Shields
 49902 | Depths:1 | Found a snail-covered altar of Cheibriados.
 50143 | Depths:2 | Noticed a tentacled monstrosity
 50175 | Depths:1 | Killed a tentacled monstrosity
 50175 | Depths:1 | Reached skill level 10 in Fighting
 50940 | Depths:2 | Reached XP level 18. HP: 113/146 MP: 33/33
 51023 | Depths:2 | Noticed Louise
 51041 | Depths:2 | Killed Louise
 51042 | Depths:2 | Found a one-way gate to the infinite horrors of the Abyss.
 51735 | Depths:2 | Got an ancient shield
 51741 | Depths:2 | Identified the +4 shield of Atem {*Contam Int+2 SInv} (You found it on level 2 of the Depths)
 52066 | Depths:2 | Identified the ring "Tujog" {Ice rN++ MR+ Str-5} (You took it off an ogre mage on level 1 of the Depths)
 52611 | Depths:3 | Noticed a lich
 52624 | Depths:2 | Killed a lich
 53116 | Depths:3 | Reached skill level 10 in Spellcasting
 53142 | Depths:3 | Reached XP level 19. HP: 102/153 MP: 36/36
 53420 | Depths:3 | Found a one-way gate leading to the halls of Pandemonium.
 53540 | Depths:3 | Learned a level 6 spell: Statue Form
 53742 | Depths:3 | Reached skill level 1 in Hexes
 54134 | Depths:3 | Noticed a tentacled monstrosity
 54144 | Depths:3 | Killed a tentacled monstrosity
 54306 | Depths:4 | Reached skill level 15 in Dodging
 54306 | Depths:4 | Reached skill level 10 in Stealth
 54323 | Depths:4 | Noticed a golden dragon
 54613 | Depths:4 | Reached skill level 1 in Evocations
 54614 | Depths:4 | Paralysed by a floating eye for 2 turns
 55118 | Snake:1  | Entered Level 1 of the Snake Pit
 56215 | Snake:1  | Learned a level 6 spell: Poisonous Cloud
 56685 | Snake:2  | Reached XP level 20. HP: 162/162 MP: 37/37
 56776 | Snake:2  | Reached skill level 1 in Poison Magic
 57010 | Snake:2  | Got a warped bone ring
 57955 | Snake:3  | Identified the ring of Riwnuoll {Wiz *Contam rElec rC+ SInv} (You found it on level 2 of the Snake Pit)
 58063 | Snake:4  | Entered Level 4 of the Snake Pit
 58116 | Snake:4  | Reached skill level 5 in Evocations
 58643 | Snake:4  | Found Loifuav's Magic Scroll Boutique.
 58663 | Snake:4  | Bought a scroll of teleportation for 48 gold pieces
 58663 | Snake:4  | Bought a scroll of identify for 32 gold pieces
 58663 | Snake:4  | Bought a scroll of identify for 32 gold pieces
 58663 | Snake:4  | Bought a scroll of teleportation for 48 gold pieces
 59505 | Snake:4  | Reached skill level 5 in Hexes
 59690 | Snake:4  | Reached XP level 21. HP: 112/168 MP: 38/38
 59924 | Snake:4  | Got a serpentine rune of Zot
 60475 | Orc:2    | Bought a potion of flight for 57 gold pieces
 60481 | Orc:2    | Bought a book of Battle for 760 gold pieces
 60485 | Orc:2    | Learned a level 3 spell: Regeneration
 60488 | Orc:2    | Learned a level 2 spell: Song of Slaying
 60492 | Orc:2    | Learned a level 3 spell: Spectral Weapon
 60498 | Orc:2    | Bought the ring of Xom's Recklessness {EV+6 Str+3} for 1460 gold pieces
 60645 | Vaults:1 | Entered Level 1 of the Vaults
 60690 | Vaults:1 | Reached skill level 5 in Poison Magic
 61018 | Shoals:1 | Entered Level 1 of the Shoals
 62891 | Shoals:3 | Noticed Polyphemus
 62909 | Shoals:3 | Reached skill level 10 in Charms
 62926 | Shoals:3 | Killed Polyphemus
 63047 | Shoals:3 | Reached skill level 15 in Stealth
 63744 | Shoals:4 | Entered Level 4 of the Shoals
 64226 | Shoals:4 | Noticed Ilsuiw
 64310 | Shoals:4 | Killed Ilsuiw
 64345 | Shoals:4 | Reached XP level 22. HP: 175/175 MP: 39/39
 64555 | Shoals:4 | Got a barnacled rune of Zot
 64890 | Shoals:4 | Identified a +3 rod of inaccuracy (10/10) (You found it on level 4 of the Shoals)
 65348 | Elf:1    | Entered Level 1 of the Elven Halls
 65363 | Elf:1    | Reached skill level 10 in Evocations
 65490 | Elf:1    | Found a ruined gateway.
 65494 | Elf:1    | Found Eddeoset's Food Emporium.
 65533 | Desolati | Entered the Desolation of Salt
 65822 | Desolati | Identified Depamyug's Volume of the Excruciating Entourage
 65833 | Desolati | Learned a level 4 spell: Leda's Liquefaction
 65837 | Desolati | Learned a level 3 spell: Gell's Gravitas
 65838 | Desolati | Got a flickering tin ring
 65841 | Desolati | Identified the Collected Works on Malediction and Flight
 66213 | Desolati | Got a slimy steel ring
 66240 | Desolati | Got a smoking crystal amulet
 66254 | Desolati | Got a steaming jade amulet
 66637 | Desolati | Identified Sif Muna's Reference Book on the Traveller
 66651 | Desolati | Learned a level 5 spell: Summon Forest
 67007 | Elf:1    | Identified the amulet of Wieto {RegenMP +Fly rPois} (You found it in the Desolation of Salt)
 67009 | Elf:1    | Identified the amulet of Plog {Inacc *Contam rF+++ MR- Dex+2} (You found it in the Desolation of Salt)
 67185 | Elf:1    | Reached skill level 1 in Summonings
 67396 | Elf:1    | Identified the Disquisition on the Entourage
 67829 | Elf:1    | Identified the ring of Tavas {rF+ Int+8 SInv} (You found it in the Desolation of Salt)
 67831 | Elf:1    | Identified the ring of Feadot {MR++ AC+4 Str+4 Dex-4} (You found it in the Desolation of Salt)
 68212 | Elf:2    | Found Xusse's Food Shoppe.
 68409 | Elf:2    | Found Bozxoar's Gadget Boutique.
 68537 | Elf:2    | Found Gilomn's Assorted Antiques.
 68570 | Elf:2    | Reached XP level 23. HP: 182/182 MP: 41/41
 68733 | Elf:2    | Found Laringo's General Store.
 68780 | Elf:2    | Bought a scroll of identify for 40 gold pieces
 68857 | Elf:2    | Found a runed gate.
 68857 | Elf:2    | Found a runed gate.
 68857 | Elf:2    | Found a runed gate.
 69619 | Elf:3    | Entered Level 3 of the Elven Halls
 69856 | Elf:3    | Reached skill level 5 in Summonings
 69909 | Elf:3    | Reached skill level 10 in Translocations
 70191 | Elf:3    | Got a crystal hunting sling
 70192 | Elf:3    | Identified the +3 hunting sling of Drought {venom, rElec rF+ rC- Int+7} (You found it on level 3 of the Elven Halls)
 70216 | Elf:3    | Gained mutation: One of your tentacles bears a large vicious spike. [potion of beneficial mutation]
 70217 | Elf:3    | Gained mutation: Your flesh is almost immune to the effects of cold. (rC+++) [potion of beneficial mutation]
 71323 | Elf:3    | Learned a level 4 spell: Control Undead
 71352 | Elf:3    | Identified the Handbook of Atheism
 72295 | Vaults:1 | Reached XP level 24. HP: 189/189 MP: 43/43
 73157 | Vaults:2 | Noticed Asterion
 73169 | Vaults:2 | Killed Asterion
 73438 | Vaults:2 | Reached skill level 1 in Maces & Flails
 73685 | Vaults:2 | Noticed Bai Suzhen
 73692 | Vaults:2 | Found Moyfro's Antique Weapon Boutique.
 73805 | Vaults:2 | Killed Bai Suzhen
 73805 | Vaults:2 | Reached skill level 5 in Maces & Flails
 73805 | Vaults:2 | Reached skill level 15 in Evocations
 73899 | Vaults:2 | Found a staircase to the Crypt.
 75265 | Vaults:3 | Reached skill level 10 in Maces & Flails
 75336 | Vaults:3 | Noticed Sojobo
 75387 | Vaults:3 | Killed Sojobo
 76363 | Vaults:4 | Reached XP level 25. HP: 195/195 MP: 43/43
 76907 | Vaults:4 | Learned a level 6 spell: Deflect Missiles
 77481 | Vaults:4 | Noticed an ancient lich
 77492 | Vaults:4 | Killed an ancient lich
 77980 | Vaults:4 | Bought the brooch of Shielding {Reflect SH+8} for 480 gold pieces
 77987 | Vaults:4 | Bought a scroll of acquirement for 832 gold pieces
 78248 | Vaults:5 | Entered Level 5 of the Vaults
 78558 | Vaults:5 | Noticed an ancient lich
 78580 | Vaults:5 | Killed an ancient lich
 78599 | Vaults:5 | Got a vibrating tin ring
 78601 | Vaults:5 | Identified the ring of Beogutry {+Fly Str+4} (You took it off a vault sentinel on level 5 of the Vaults)
 78637 | Vaults:5 | Reached XP level 26. HP: 205/205 MP: 43/43
 78930 | Vaults:5 | Noticed an ancient lich
 79038 | Vaults:5 | Killed an ancient lich
 79128 | Vaults:5 | Got a twitching pewter amulet
 79176 | Vaults:5 | Noticed an ancient lich
 79201 | Vaults:5 | Killed an ancient lich
 79226 | Vaults:5 | Reached skill level 10 in Poison Magic
 79285 | Vaults:5 | Reached skill level 15 in Maces & Flails
 79580 | Vaults:5 | Got a fine iron ring
 79602 | Vaults:5 | Identified the cursed ring of Zin's Vengeance {rElec rC- AC-3 Slay+3} (You took it off a necromancer on level 5 of the Vaults)
 79861 | Vaults:5 | Identified the amulet "Odivet" {Harm *Contam *Drain Str+2 Int+4 Stlth+} (You took it off a vault warden on level 5 of the Vaults)
 79893 | Vaults:5 | Got a shimmering golden ring
 79905 | Vaults:5 | Identified the ring of Aheawiona {Str+3 Int+5} (You took it off a vault sentinel on level 5 of the Vaults)
 80073 | Vaults:5 | Got a silver rune of Zot
 80165 | Vaults:5 | Identified the Papyrus of the Cloudy Glacier
 80320 | Vaults:5 | Learned a level 2 spell: Swiftness
 81397 | D:9      | Fell from the grace of Gozag
 81397 | D:9      | Became a worshipper of Zin the Law-Giver
 81397 | D:9      | Reached * piety under Zin
 81397 | D:9      | Reached ** piety under Zin
 81401 | D:9      | Donated 1391 gold pieces to Zin
 81421 | D:9      | Reached *** piety under Zin
 81540 | Elf:1    | Reached **** piety under Zin
 82487 | Vaults:3 | Reached skill level 1 in Short Blades
 82501 | Vaults:3 | Reached skill level 1 in Invocations
 82790 | Crypt:1  | Entered Level 1 of the Crypt
 82815 | Crypt:1  | Noticed Mennas
 82967 | Crypt:1  | Killed Mennas
 82967 | Crypt:1  | Reached skill level 5 in Invocations
 83474 | Crypt:1  | Reached XP level 27. HP: 216/216 MP: 43/43
 83555 | Crypt:1  | Got a flickering silver ring
 83557 | Crypt:1  | Identified the ring of the Vendetta {*Tele Str+3} (You found it on level 1 of the Crypt)
 83614 | Crypt:1  | Reached ***** piety under Zin
 84280 | Crypt:2  | Found a magical portal.
 84295 | WizLab   | Entered Zonguldrok's Shrine
 84509 | WizLab   | Noticed an antique lich
 84527 | WizLab   | Killed an antique lich
 84527 | WizLab   | Reached skill level 10 in Invocations
 84595 | WizLab   | Reached ****** piety under Zin
 85430 | Crypt:3  | Entered Level 3 of the Crypt
 85775 | Crypt:3  | Found an ancient bone altar of Kikubaaqudgha.
 86364 | Crypt:3  | Found a staircase to the Tomb.
 86364 | Crypt:3  | Noticed Jory
 86387 | Crypt:3  | Killed Jory
 86418 | Crypt:3  | Identified the Volume of Weightlessness and Clay
 86481 | Crypt:3  | Reached skill level 15 in Invocations
 86638 | Crypt:3  | Got a vibrating amber ring
 86640 | Crypt:3  | Identified the ring "Uril" {rPois Str+2 Dex-3 SInv} (You found it on level 3 of the Crypt)
 87255 | Slime:1  | Entered Level 1 of the Pits of Slime
 87275 | Slime:2  | Noticed Donald
 87277 | Slime:2  | Killed Donald
 87360 | Slime:3  | Noticed Dissolution
 87365 | Slime:3  | Killed Dissolution
 87712 | Slime:5  | Entered Level 5 of the Pits of Slime
 87904 | Slime:5  | Noticed the Royal Jelly
 87923 | Slime:5  | Killed the Royal Jelly
 87938 | Slime:5  | HP: 5/321 [acid blob (28)]
 87938 | Slime:5  | Zin protects you from harm!
 87938 | Slime:5  | Annihilated by an acid blob

Skill      XL: |  1  2  3  4  5  6  7  8  9 10 11 12 13 14 15 16 17 18 19 20 21 22 23 24 25 26 27 |
---------------+----------------------------------------------------------------------------------+-----
Stealth        | 1 3 4 6 7 11 13 15 | 15.7
Slings         | 3 5 7 8 10 11 12 13 14 15 16 | 16.2
Dodging        | 4 6 9 10 11 12 13 14 15 16 17 | 17.3
Fighting       | 5 6 7 8 10 11 12 13 | 13.0
Shields        | 5 7 11 13 14 15 17 18 | 18.4
Charms         | 2 4 5 7 8 9 10 | 10.2
Air Magic      | 3 4 6 7 8 9 |  9.7
Spellcasting   | 3 5 7 8 10 12 | 12.5
Translocations | 3 5 6 8 10 | 10.4
Hexes          | 3 5 6 |  6.5
Evocations     | 3 6 9 13 14 15 17 18 | 18.0
Poison Magic   | 4 6 7 11 | 11.5
Summonings     | 3 5 |  5.4
Maces & Flails | 11 14 15 | 15.4
Short Blades   | 1 |  1.9
Invocations    | 6 17 | 17.8
Unarmed Combat | |  3.2
Conjurations   | |  0.4

Action                   |  1- 3 |  4- 6 |  7- 9 | 10-12 | 13-15 | 16-18 | 19-21 | 22-24 | 25-27 || total
-------------------------+-------+-------+-------+-------+-------+-------+-------+-------+-------++-------
Melee: Dagger            |    60 |   148 |    57 |       |    11 |       |       |       |       ||   276
       Unarmed           |     6 |       |       |       |     5 |       |       |       |    56 ||    67
       Tentacles         |    10 |    21 |    11 |       |     4 |     2 |    30 |   129 |   554 ||   761
       Constrict         |    23 |    42 |    17 |       |       |     1 |     1 |    51 |   138 ||   273
       Punch             |     2 |     4 |       |       |     1 |       |     2 |    19 |    79 ||   107
       Kick              |       |     3 |    17 |       |     6 |     1 |    40 |   230 |   870 ||  1167
       Bite              |       |       |       |       |     1 |       |       |       |       ||     1
       Quick blade       |       |       |       |       |       |     4 |    83 |   331 |  1136 ||  1554
       Flail             |       |       |       |       |       |       |       |       |    16 ||    16
 Fire: Hunting sling     |       |     9 |   212 |       |       |       |       |       |       ||   221
       Fustibalus        |       |       |     7 |   651 |  1266 |  1599 |  2148 |  2211 |  1533 ||  9415
 Cast: Repel Missiles    |       |       |       |       |     1 |       |       |       |       ||     1
       Regeneration      |       |       |       |       |       |       |       |    22 |    14 ||    36
       Gell's Gravitas   |       |       |       |       |       |       |       |     2 |       ||     2
       Song of Slaying   |       |       |       |       |       |       |       |     1 |     2 ||     3
       Mephitic Cloud    |       |       |       |       |       |       |       |    11 |     1 ||    12
       Summon Forest     |       |       |       |       |       |       |       |       |    11 ||    11
       Deflect Missiles  |       |       |       |       |       |       |       |       |     2 ||     2
       Poisonous Cloud   |       |       |       |       |       |       |       |       |     1 ||     1
Invok: Call Merchant     |       |       |       |       |     7 |       |     4 |       |     4 ||    15
       Vitalisation      |       |       |       |       |       |       |       |       |     5 ||     5
       Donate Gold       |       |       |       |       |       |       |       |       |     1 ||     1
       Recite            |       |       |       |       |       |       |       |       |     2 ||     2
Evoke: Phial of floods   |       |       |     1 |     1 |       |     3 |     2 |     2 |     2 ||    11
       Wand              |       |       |     5 |       |     2 |     1 |       |     2 |     1 ||    11
       Sack of spiders   |       |       |       |       |       |       |       |     2 |       ||     2
       Rod               |       |       |       |       |       |       |       |    11 |     8 ||    19
       Lamp of fire      |       |       |       |       |       |       |       |       |     2 ||     2
  Use: Scroll            |       |     6 |     7 |     6 |     7 |    10 |    10 |    23 |    24 ||    93
       Potion            |       |     5 |     3 |       |     3 |     5 |       |     6 |     2 ||    24
 Stab: Sleeping          |     4 |    10 |     9 |       |       |       |     4 |     3 |    13 ||    43
       Distracted        |       |     1 |       |       |       |       |     1 |     3 |    10 ||    15
       Petrified         |       |       |       |       |       |       |     2 |       |       ||     2
       Confused          |       |       |       |       |       |       |       |     1 |       ||     1
  Eat: Chunk             |    14 |    18 |     4 |       |       |       |       |       |       ||    36
       Royal jelly       |       |       |    17 |     1 |     1 |     1 |     2 |       |     1 ||    23
       Bread ration      |       |       |     4 |       |     1 |     3 |     1 |     4 |     8 ||    21
       Beef jerky        |       |       |     1 |     1 |       |       |       |     1 |       ||     3
       Pizza             |       |       |     1 |       |     2 |       |       |     1 |       ||     4
       Meat ration       |       |       |       |     3 |     3 |     2 |     5 |     2 |       ||    15
Armor: Skin              |     8 |    25 |    13 |    13 |    20 |    18 |    21 |    17 |    49 ||   184
Dodge: Dodged            |    38 |    97 |    25 |    79 |   212 |   260 |   382 |   486 |   802 ||  2381
       Deflected         |       |       |       |       |       |       |       |       |    10 ||    10
Block: Other             |       |       |     1 |     5 |       |       |       |       |       ||     6
       Reflection        |       |       |       |     6 |    29 |    51 |   147 |   146 |    84 ||   463
       Buckler           |       |       |       |    50 |   160 |       |       |       |       ||   210
       Shield            |       |       |       |       |    49 |   410 |   879 |  1004 |  1918 ||  4260
